 Dungeon Crawl Stone Soup version 0.28.0-53-g5a82cb258f (console) character file.

Game seed: 442333193268844552

2278 erker the Transmogrifier (level 9, -4/54 HPs)
             Began as an Octopode Transmuter on July 4, 2022.
             Was a Follower of Cheibriados.
             Killed from afar by a steam dragon (11 damage)
             ... with a ball of steam
             ... on level 7 of the Dungeon.
             The game lasted 00:35:14 (8458 turns).

erker the Transmogrifier (Octopode Transmuter)      Turns: 8458, Time: 00:35:15

Health: -4/54      AC:  2    Str: 12    XL:     9   Next: 39%
Magic:  10/12      EV: 21    Int: 29    God:    Cheibriados [*.....]
Gold:   416        SH:  0    Dex: 31    Spells: 4/12 levels left

rFire   . . .      SeeInvis .     - Unarmed
rCold   . . .      Faith    .   (shield currently unavailable)
rNeg    + + .      Spirit   .   (helmet currently unavailable)
rPois   x          Reflect  .   C - amulet "Xucveidij" {rElec rN++ Regen+ Int+2 Slay-3}
rElec   +          Harm     .   f - +6 ring of dexterity
rCorr   .          Rampage  .   l - +6 ring of intelligence
Will    .....                   q - +6 ring of dexterity
Stlth   ++........              (no ring)
HPRegen 0.98/turn               (no ring)
MPRegen 0.13/turn               (no ring)
                                (no ring)
                                (no ring)

@: spider-form, very slow
A: venomous fangs, almost no armour, (amphibious), 8 rings, tiny, (camouflage
1), (gelatinous body 1), (nimble swimmer 1), (tentacles)
a: End Transformation, Renounce Religion, Bend Time


You were on level 7 of the Dungeon.
You worshipped Cheibriados.
Cheibriados was aware of your devotion.
You were a venomous arachnid creature.
You visited 2 branches of the dungeon, and saw 8 of its levels.
You also visited: Sewer.

You collected 416 gold pieces.

Inventory:

Hand Weapons
 n - a +2 dagger of freezing
Missiles
 a - 17 sling bullets
 k - 8 boomerangs
 o - 2 throwing nets
 v - 12 poisoned darts
 w - 41 bolts
Jewellery
 f - a +6 ring of dexterity (left front leg)
 l - a +6 ring of intelligence (right front leg)
 q - a +6 ring of dexterity (on tentacle)
 C - the amulet "Xucveidij" (around neck) {rElec rN++ Regen+ Int+2 Slay-3}
   (You found it on level 7 of the Dungeon)

   [amulet of regeneration]

   Int:       It affects your intelligence (+2).
   Slay:      It affects your accuracy & damage with ranged weapons and melee
   (-3).
   rElec:     It insulates you from electricity.
   rN:        It greatly protects you from negative energy.
   Regen:     It increases your rate of health regeneration.
Scrolls
 b - a scroll of fog {unknown}
 c - 2 scrolls of fear {unknown}
 g - 4 scrolls of teleportation
 i - 2 scrolls of noise {unknown}
 j - 2 scrolls of enchant weapon {unknown}
 m - a scroll of enchant armour {unknown}
 p - 2 scrolls of identify {unknown}
 r - a scroll of brand weapon {unknown}
 s - 2 scrolls of summoning {unknown}
 x - a scroll of silence {unknown}
 y - a scroll of immolation {unknown}
 z - a scroll of amnesia {unknown}
 B - a scroll of vulnerability {unknown}
Potions
 d - 3 potions of invisibility {unknown}
 e - a potion of resistance {unknown}
 h - a potion of heal wounds {unknown}
 t - a potion of brilliance {unknown}
 u - a potion of attraction {unknown}
 A - 2 potions of mutation {unknown}
 D - a potion of degeneration {unknown}


   Skills:
 + Level 1.7 Fighting
 - Level 2.0 Dodging
 + Level 7.0 Unarmed Combat
 - Level 2.0 Spellcasting
 - Level 8.0 Transmutations
 - Level 6.0 Ice Magic
 - Level 3.4 Poison Magic


You had 4 spell levels left.
You knew the following spells:

 Your Spells              Type           Power      Damage    Failure   Level
a - Beastly Appendage     Tmut           98%        N/A       2%          1
s - Spider Form           Tmut/Pois      35%        N/A       10%         3
y - Ice Form              Ice/Tmut       43%        N/A       14%         4

Your spell library contained the following spells:

 Spells                   Type           Power      Damage    Failure   Level
 Wereblood                Tmut           49%        N/A       3%          2
 Animate Skeleton         Necr           4%         N/A       22%         1
 Apportation              Tloc           4%         N/A       22%         1
 Foxfire                  Conj/Fire      8%         2x1d4     22%         1
 Summon Small Mammal      Summ           8%         N/A       22%         1
 Conjure Flame            Conj/Fire      2%         6-21      47%         3
 Inner Flame              Hex/Fire       2%         N/A       47%         3
 Portal Projectile        Hex/Tloc       4%         N/A       47%         3
 Flame Wave               Conj/Fire      2%         2d4       82%         4
 Blade Hands              Tmut           24%        N/A       22%         5
 Excruciating Wounds      Necr           1%         N/A       98%         5


Dungeon Overview and Level Annotations

Branches:
Dungeon (7/15)             Temple (1/1) D:7           Sewer (visited)

Altars:
Ashenzari
Cheibriados
Dithmenos
Elyvilon
Gozag
Hepliaklqana
Kikubaaqudgha
Makhleb
Qazlal
Sif Muna
Trog
Uskayaw
Vehumet
Xom
Zin
The Shining One
Ignis

Annotations:
D:4 exclusion: yak
D:5 2 runed translucent doors
D:7 2 transporters, Grum; diceflayer's ghost, novice NaFi


Innate Abilities, Weirdness & Mutations

You are a venomous arachnid creature.
You have poisonous fangs.
You are tiny and dextrous.
Your spellcasting is less reliable in this form.
Your armour is entirely melded.
You are incapable of wielding weapons or throwing items.
You cannot wear most types of armour.
((You are amphibious.))
You can wear up to eight rings at the same time.
((Your skin changes colour to match your surroundings (Stealth+).))
((Your rubbery body absorbs attacks. (AC +1, EV +1)))
((You are camouflaged when in or above water. (Stealth+)))
((You have tentacles for arms and can constrict up to eight enemies at once.))


Message History

No reachable target in view!
There is an open door here.
You now have 416 gold pieces (gained 18).
Your transformation is almost over.
There is a stone staircase leading up here.
You warm up again.
There is a stone staircase leading down here.
A steam dragon comes into view.
Unknown command.
Unknown command.
Okay, then.
Unknown command.
Unknown command.
Unknown command.
Unknown command.
Unknown command.
Unknown command.
Unknown command.
Unknown command.
Unknown command.
Unknown command.
Casting: Ice Form (dangerous; 4% risk of failure)
Confirm with . or Enter, or press ? or * to list all spells.
You turn into a venomous arachnid creature.
A steam dragon comes into view.
The steam dragon hisses angrily. x2
The steam dragon breathes steam at you. The ball of steam hits you!
You are engulfed in a cloud of scalding steam.
The steam dragon breathes steam at you. The ball of steam hits you!
You are engulfed in a cloud of scalding steam.
The steam dragon completely misses you. x4; The steam dragon barely misses you.
The steam dragon completely misses you.
You hit the steam dragon but do no damage.
You are engulfed in a cloud of scalding steam.
* * * LOW HITPOINT WARNING * * *
The steam dragon breathes steam at you. The ball of steam hits you!
You die...

)...#####.....#..≈#....<........#
....# ##....#..≈#.............#
....## ######...#.............#
.....## ##..#....#####....#
.###..# #.§#....#...#....#
.####.# #§.##...#_..'.....
...##.##########§..#...#...#...≈≈
##.............#§§.#...#####...≈≈
≈#..#....#######s§≈##### ##..≈≈
≈#.#####.# #DD.# #..≈≈ ≈...####.#
#...# #..≈≈ ≈...##...#####
#...#### #..≈≈ ≈......####..#
≈..PP#.## #..≈≈
≈....#####..##P^≈.≈≈##.######..≈≈
≈..######...#PP....≈≈#.........≈≈
≈#.# ##.....#≈≈....P.#..#####..≈≈
≈#.###..#...#^P.....##..#####..≈≈


You could see 2 steam dragons.

Vanquished Creatures
  Eustachio (D:4)
  2 water moccasins
  3 sky beasts
  An ice beast (D:6)
  4 ogres
  A phantom (D:7)
  A bullfrog (D:7)
  A scorpion (D:7)
  A water moccasin zombie (D:7)
  A wyvern zombie (D:5)
  A water moccasin skeleton (D:5)
  2 bullfrog zombies
  A jelly (D:5)
  5 hounds
  2 bullfrog skeletons (D:6)
  Jessica (D:2)
  3 iguanas
  5 orc wizards (D:7)
  A killer bee zombie (D:7)
  A howler monkey zombie (D:5)
  10 adders
  8 gnolls
  2 river rats (D:4)
  A white imp (D:5)
  A worm (D:3)
  An adder skeleton (D:4)
  A dart slug (D:3)
  14 orcs
  8 bats
  4 endoplasms
  6 giant cockroaches
  8 goblins
  9 hobgoblins
  4 jackals
  10 kobolds
  5 quokkas
  4 ball pythons
  3 frilled lizards
  A quokka skeleton (D:4)
  6 rats
144 creatures vanquished.

Vanquished Creatures (others)
  8 fungi (D:7)
  6 plants (D:7)
14 creatures vanquished.

Grand Total: 158 creatures vanquished

Notes
Turn   | Place    | Note
-------+----------+-------------------------------------------
     0 | D:1      | erker the Octopode Transmuter began the quest for the Orb.
     0 | D:1      | Reached XP level 1. HP: 13/13 MP: 3/3
    34 | D:1      | Reached XP level 2. HP: 7/18 MP: 3/5
   552 | D:1      | Found a faded altar of an unknown god.
   556 | D:1      | Reached XP level 3. HP: 23/23 MP: 6/6
   852 | D:1      | Learned a level 3 spell: Spider Form
   968 | D:2      | Reached skill level 1 in Poison Magic
   995 | D:2      | Reached XP level 4. HP: 19/28 MP: 5/7
  1288 | D:2      | Reached skill level 3 in Transmutations
  1707 | D:2      | Noticed Jessica
  1717 | D:2      | Killed Jessica
  2168 | D:3      | Reached XP level 5. HP: 33/33 MP: 8/8
  2820 | D:3      | Found a radiant altar of Vehumet.
  2888 | D:4      | Reached skill level 4 in Transmutations
  2916 | D:4      | Learned a level 4 spell: Ice Form
  2950 | D:4      | Found a glowing drain.
  2959 | D:4      | Reached skill level 1 in Ice Magic
  2999 | Sewer    | Entered a sewer
  3135 | Sewer    | Noticed a water moccasin
  3144 | Sewer    | Killed a water moccasin
  3145 | Sewer    | Reached XP level 6. HP: 27/38 MP: 6/9
  3236 | Sewer    | Identified the +5 chain mail of Calculation {Rampage
                  | *Corrode rElec Int+4}
  3598 | D:4      | Noticed a yak
  3867 | D:4      | Found an ancient bone altar of Kikubaaqudgha.
  3898 | D:4      | Noticed Eustachio
  3932 | D:4      | Killed Eustachio
  3933 | D:4      | Reached XP level 7. HP: 29/43 MP: 3/10
  4156 | D:4      | Reached skill level 5 in Transmutations
  4178 | D:4      | Noticed a yak
  4179 | D:4      | Noticed a yak
  4179 | D:4      | Noticed a yak
  4179 | D:4      | Noticed a yak
  4374 | D:5      | Entered Level 5 of the Dungeon
  5220 | D:6      | Reached skill level 6 in Transmutations
  5381 | D:6      | Reached skill level 5 in Ice Magic
  5381 | D:6      | Reached XP level 8. HP: 26/48 MP: 7/11
  6103 | D:6      | Reached skill level 7 in Transmutations
  6889 | D:5      | Identified the +1 leather armour of the Gate {+Inv}
  6978 | D:5      | Reached skill level 8 in Transmutations
  7218 | D:5      | Found a runed translucent door.
  7220 | D:5      | Found a runed translucent door.
  7454 | D:7      | Found a staircase to the Ecumenical Temple.
  7459 | D:7      | Reached skill level 5 in Unarmed Combat
  7459 | D:7      | Reached XP level 9. HP: 38/53 MP: 8/12
  7482 | Temple   | Entered the Ecumenical Temple
  7806 | Temple   | Became a worshipper of Cheibriados the Contemplative
  8006 | D:7      | Identified the amulet "Xucveidij" {rElec rN++ Regen+ Int+2
                  | Slay-3}
  8112 | D:7      | Found a bloodstained altar of Trog.
  8122 | D:7      | Reached * piety under Cheibriados
  8222 | D:7      | Noticed diceflayer's ghost (novice NaFi)
  8244 | D:7      | Found a transporter.
  8246 | D:7      | Identified the +2 kite shield of Itacah {Will+}
  8249 | D:7      | Noticed Grum
  8282 | D:7      | Found a transporter.
  8364 | D:7      | Found a shadowy altar of Dithmenos.
  8458 | D:7      | Killed from afar by a steam dragon

Illustrated notes

Levels and vault maps discovered:
D:1:      minmay_arrival_four_houses, layout_rooms,
          shapermc_ecumenical_altar_pompeii
D:2:      minmay_diamond_boxcup, layout_basic, minmay_ruptured, uniq_jessica
D:3:      layout_rooms, nicolae_overflow_hidden_temple
D:4:      layout_basic, mainiacjoe_overflow_tiny_flanked,
          gup_sewer_entry_bubbles, uniq_eustachio
D:5:      lemuel_insect_pit, layout_basic, st_stairs_7
D:6:      layout_layer_cave, hangedman_decor_points
D:7:      kennysheep_steamy, layout_rooms, grunt_dithmenos_shadows,
          trog_hazing_becter, minmay_temple_entry_water_ring,
          gammafunk_ghost_gnarly_gnolls
Temple:   ebering_untended_altars

Skill      XL: |  1  2  3  4  5  6  7  8  9 |
---------------+----------------------------+-----
Unarmed Combat | 4 5 7 |  7.0
Poison Magic   | 1 2 3 |  3.4
Transmutations | 3 4 6 8 |  8.0
Ice Magic      | 3 4 5 6 |  6.0
Fighting       | |  1.7
Dodging        | |  2.0
Spellcasting   | |  2.0

Action                   |  1- 3 |  4- 6 |  7- 9 || total
-------------------------+-------+-------+-------++-------
Melee: Unarmed           |    62 |   144 |   203 ||   409
       Constrict         |    23 |    23 |     6 ||    52
       Kick              |    15 |    14 |     3 ||    32
       Tentacles         |     7 |    12 |    10 ||    29
       Punch             |     1 |     1 |     2 ||     4
 Cast: Beastly Appendage |    15 |    17 |     2 ||    34
       Spider Form       |       |    12 |    11 ||    23
       Ice Form          |       |       |    13 ||    13
 Abil: End Transformatio |       |       |     3 ||     3
  Use: Potion            |       |     1 |     2 ||     3
       Scroll            |       |     1 |       ||     1
 Stab: Sleeping          |     4 |     9 |     4 ||    17
Armor: Skin              |     4 |     5 |    40 ||    49
Dodge: Dodged            |    46 |    95 |   160 ||   301
